 Dungeon Crawl Stone Soup version 0.24-a0-378-g94936e539c (webtiles) character file.

Game seed: 17629885740961938855

5 Gargoyl the Skirmisher (level 1, 0/19 HPs)
             Began as a Centaur Abyssal Knight on June 1, 2019.
             Was a Follower of Lugonu.
             Slain by a small abomination (4 damage)
             ... on level 1 of the Abyss.
             The game lasted 00:00:27 (110 turns).

Gargoyl the Skirmisher (Centaur Abyssal Knight)      Turns: 110, Time: 00:00:28

Health: 0/19       AC:  4    Str: 12    XL:     1   Next: 66%
Magic:  2/2        EV:  9    Int: 11    God:    Lugonu [*.....]
Gold:   10         SH:  0    Dex:  8    Spells: 0/0 levels left

rFire    . . .     SeeInvis .   a - +1 hand axe
rCold    . . .     Gourm    .   (no shield)
rNeg     . . .     Faith    .   b - +0 leather armour
rPois    .         Spirit   .   (no helmet)
rElec    .         Reflect  .   (no cloak)
rCorr    .         Harm     .   (no gloves)
MR       .....                  (no barding)
Stlth    ..........             (no amulet)
HPRegen  0.06/turn              (no ring)
MPRegen  0.08/turn              (no ring)

@: very quick
A: large, hooves 3, deformed body, speed 2, tough skin 3, weak 1
a: Depart the Abyss, Renounce Religion


You were on level 1 of the Abyss.
You worshipped Lugonu.
Lugonu was aware of your devotion.
You were not hungry.

You visited 0 branches of the dungeon, and saw 0 of its levels.
You visited the Abyss 1 time.

You collected 10 gold pieces.

Inventory:

Hand Weapons
 a - a +1 hand axe (weapon)
Armour
 b - a +0 leather armour (worn)
Scrolls
 d - a scroll of remove curse {unknown}
Comestibles
 c - a ration


   Skills:
 + Level 3.2 Fighting
 + Level 1.8 Axes
 + Level 1.4 Armour
 + Level 0.6 Dodging
 + Level 2.0 Invocations


You couldn't memorise any spells.
You didn't know any spells.
Your spell library was empty.

Dungeon Overview and Level Annotations

Branches:
Dungeon (0/15)

Altars:


Innate Abilities, Weirdness & Mutations

You have hooves in place of feet.
Armour fits poorly on your strangely shaped body.
You cover ground very quickly.
You have extremely tough skin. (AC +3)
You are weak. (Str -2)


Message History

Found 16 bolts.
Found 2 gold pieces.
An acid dragon comes into view.
The acid dragon roars!
You see here 2 gold pieces.
You now have 10 gold pieces (gained 2).
The small abomination hits you.
The small abomination hits you but does no damage.
The acid dragon changes into an ogre!
Found a scroll labeled YJIGAF BAMICO.
The quasit bites you but does no damage.
The quasit claws you but does no damage.
The quasit claws you.
Found a ration.
The small abomination hits you.
* * * LOW HITPOINT WARNING * * *
The quasit disappears in a puff of smoke!
You see here a scroll labeled YJIGAF BAMICO.
d - a scroll labeled YJIGAF BAMICO The small abomination hits you.
You die...

## ..5. ... # #..#.#5...
#. . .#..# #### .## #.
#.#.. # ##.#. ..
###.#...#.
..#%...#.###... ## ##.#
...#.....#....#..## ..
#.....#.#.#..####5# #.
#.#.#..@#......#..# #
#......x.##. ##.#.# #..
#...#..5###..###.#......
... #.#..##.#.# O.( # ..
. #....#.#.. #. #.#
#...#.##. ## ##.O..#
#...####..#...# ....##
.## #..###### . # # #.##
##. #


You could see a small abomination and a quasit.

Vanquished Creatures
  An ufetubus (Abyss:1)
1 creature vanquished.

Notes
Turn   | Place    | Note
-------+----------+-------------------------------------------
     0 | Abyss:1  | Gargoyl the Centaur Abyssal Knight began the quest for the
                  | Orb.
     0 | Abyss:1  | Reached XP level 1. HP: 19/19 MP: 2/2
    34 | Abyss:1  | Noticed an iron imp
    43 | Abyss:1  | Noticed a smoke demon
    60 | Abyss:1  | Noticed a large abomination
    73 | Abyss:1  | Noticed a neqoxec
    77 | Abyss:1  | Noticed a quasit
    77 | Abyss:1  | Noticed a crimson imp
    77 | Abyss:1  | Noticed a quasit
    77 | Abyss:1  | Gained mutation: You are weak. (Str -2) [a neqoxec]
    82 | Abyss:1  | Noticed a small abomination
    93 | Abyss:1  | Noticed an acid dragon
    95 | Abyss:1  | Noticed an ogre
    95 | Abyss:1  | an acid dragon changed into an ogre
   110 | Abyss:1  | Slain by a small abomination

Levels and vault maps discovered:
Abyss:1:  abyss_fake_exit, evilmike_abyss_exit_5

Action                   || total
-------------------------++-------
Melee: Hand axe          ||     5
Armor: Leather armour    ||     6
Dodge: Dodged            ||     5

Table legend:
 A = Non-vault XP
 B = Vault XP
 C = Vault XP percentage of total XP
 D = Non-vault monster count
 E = Vault monster count
 F = Vault count percentage of total count
                 A         B        C        D         E       F
            +---------+---------+-------+---------+---------+-------
      Total |       8 |       0 |   0.0 |       1 |       0 |   0.0
            +---------+---------+-------+---------+---------+-------
    Abyss:1 |       8 |       0 |   0.0 |       1 |       0 |   0.0
            +---------+---------+-------+---------+---------+-------
